 Dungeon Crawl Stone Soup version 0.25-a0-661-g55ea3d2053 (webtiles) character file.

Game seed: 1614627619697776169, levelgen mode: deterministic

698 Amnesiac the Slicer (level 7, -12/45 HPs)
             Began as a Halfling Monk on Mar 23, 2020.
             Mangled by an ogre
             ... wielding a +0 giant club
              (30 damage)
             ... on level 4 of the Dungeon.
             The game lasted 00:09:48 (3474 turns).

Amnesiac the Slicer (Halfling Monk)                 Turns: 3474, Time: 00:09:49

Health: -12/45     AC:  7    Str: 12    XL:     7   Next: 97%
Magic:  7/7        EV: 14    Int:  8    God:
Gold:   143        SH:  0    Dex: 19    Spells: 6/6 levels left

rFire    . . .     SeeInvis .   d - +0 dagger (elec)
rCold    . . .     Gourm    .   (shield restricted)
rNeg     . . .     Faith    .   r - +0 ring mail
rPois    .         Spirit   .   (no helmet)
rElec    .         Reflect  .   j - +0 cloak
rCorr    .         Harm     .   s - +0 pair of gloves
MR       .....                  (no boots)
Stlth    +++.......             (no amulet)
HPRegen  0.15/turn              b - ring of flight
MPRegen  0.10/turn              (no ring)

@: no status effects
A: small, mutation resistance 1
a: Evoke Flight


You were on level 4 of the Dungeon.
You were not hungry.

You visited 1 branch of the dungeon, and saw 5 of its levels.

You collected 143 gold pieces.

Inventory:

Hand Weapons
 d - a +0 dagger of electrocution (weapon)
Armour
 j - a +0 cloak (worn)
 r - a +0 ring mail (worn)
 s - a +0 pair of gloves (worn)
Jewellery
 b - a ring of flight (left hand)
Scrolls
 a - a scroll of remove curse {!r, unknown}
 e - 2 scrolls of fear {!r}
 g - a scroll of amnesia {!r, unknown}
 h - 2 scrolls of enchant armour {!r}
 m - a scroll of teleportation {!r}
 n - a scroll of enchant weapon {!r}
 o - a scroll of blinking {!r, unknown}
Potions
 f - a potion of stabbing {!q}
 i - a potion of curing {!q}
 k - a potion of flight {!q}
 l - a potion of lignification {!q, unknown}
 p - a potion of magic {!q, unknown}
 q - a potion of berserk rage {!q, unknown}
 t - a potion of resistance {!q}
Comestibles
 c - 6 rations


   Skills:
 - Level 2.6 Fighting
 - Level 8.0 Short Blades
 - Level 3.2 Dodging
 + Level 7.0 Stealth


You had 6 spell levels left.
You didn't know any spells.
Your spell library was empty.

Dungeon Overview and Level Annotations

Branches:
Dungeon (5/15)
 Temple: D:4-7

Altars:
Dithmenos
Hepliaklqana

Shops:
D:5 [

Annotations:
D:3 Ijyb


Innate Abilities, Weirdness & Mutations

You are small and have problems with some larger weapons.
You are somewhat resistant to further mutation.


Message History

The orc wizard is too close now for your liking.
You hit the orc wizard but do no damage.
The orc wizard points at you and mumbles some strange words.
You are confused.
You are too confused!
You are too confused!
You are too confused!
You are too confused!
The orc shouts!
The orc wizard hits you but does no damage.
There is a stone staircase leading down here.
The orc wizard misses you.
You're too confused to move!
You feel less confused. The orc barely misses you.
The orc wizard hits you but does no damage.
The orc hits you but does no damage.
You hit the orc wizard but do no damage.
Lightning courses through the orc wizard!!
You kill the orc wizard!
Your Stealth skill increases to level 7!
The orc closely misses you.
You barely miss the orc.
The ogre shouts!
The orc barely misses you.
You hit the orc but do no damage. The orc barely misses you.
You hit the orc but do no damage. The orc misses you.
You hit the orc but do no damage. The orc misses you.
The orc barely misses you.
You hit the orc but do no damage. Lightning courses through the orc!
You kill the orc!
The orc hits you with a +0 whip.
You hit the orc.
The orc is lightly wounded.
Your ring mail prevents you from hitting the orc.
The orc is lightly wounded.
The orc closely misses you. The ogre hits you with a +0 giant club!
You hit the orc but do no damage.
The orc is lightly wounded.
You hit the orc. Lightning courses through the orc!
You kill the orc!
You hit the ogre.
The ogre is lightly wounded.
The ogre hits you with a +0 giant club!!
* * * LOW HITPOINT WARNING * * *
You hit the ogre.
The ogre is lightly wounded.
You hit the ogre.
The ogre is moderately wounded.
The ogre hits you with a +0 giant club!
* * * LOW HITPOINT WARNING * * *
Your ring mail prevents you from hitting the ogre.
The ogre is lightly wounded.
Unknown command.
You aren't carrying any items that you can evoke.
Unknown command.
Okay, then.
Really quaff
i - 2 potions of curing {!q}?
You feel better. The ogre barely misses you. The ogre completely misses you.
The ogre hits you with a +0 giant club!!
Ouch! That really hurt!
You die...

######### ##.......#
##........#
##.........#
##..@.......########
#..O#......>........
##...###.............
#...## #...)..####..
##### ##[..### #...#
. ##..## . ##..## .
#...######..


You could see an ogre.

Vanquished Creatures
  Grinder (D:4)
  An ice beast (D:5)
  2 hounds (D:4)
  Crazy Yiuf (D:2)
  A centaur zombie (D:5)
  2 orc wizards
  Natasha (twice) (D:4)
  2 worker ants
  A gnoll (D:1)
  A howler monkey zombie (D:5)
  3 adders (D:2)
  An ooze (D:1)
  An adder skeleton (D:4)
  2 worms (D:2)
  3 dart slugs
  4 leopard geckos
  16 orcs
  4 giant cockroaches
  4 goblins
  7 hobgoblins
  4 jackals
  2 quokkas (D:4)
  5 bats
  2 frilled lizards (D:2)
  4 kobolds
  2 rats (D:1)
78 creatures vanquished.

Vanquished Creatures (others)
  A worm (D:4)
1 creature vanquished.

Grand Total: 79 creatures vanquished

Notes
Turn   | Place    | Note
-------+----------+-------------------------------------------
     0 | D:1      | Amnesiac the Halfling Monk began the quest for the Orb.
     0 | D:1      | Reached XP level 1. HP: 15/15 MP: 1/1
   189 | D:1      | Reached skill level 4 in Short Blades
   189 | D:1      | Reached XP level 2. HP: 20/20 MP: 2/2
   490 | D:1      | Reached XP level 3. HP: 21/25 MP: 3/3
   809 | D:2      | Reached skill level 5 in Short Blades
   882 | D:2      | Reached XP level 4. HP: 25/30 MP: 4/4
  1135 | D:2      | Found a runed translucent door.
  1136 | D:2      | Noticed Crazy Yiuf
  1361 | D:2      | Killed Crazy Yiuf
  1498 | D:2      | Reached XP level 5. HP: 34/35 MP: 5/5
  1868 | D:3      | Reached skill level 6 in Short Blades
  1916 | D:3      | Noticed Ijyb
  2516 | D:4      | Noticed Natasha
  2520 | D:4      | Killed Natasha
  2538 | D:4      | Noticed Grinder
  2544 | D:4      | Reached XP level 6. HP: 41/41 MP: 6/6
  2555 | D:4      | Killed Grinder
  2555 | D:4      | Reached skill level 7 in Short Blades
  2555 | D:4      | Reached skill level 5 in Stealth
  2555 | D:4      | Reached XP level 7. HP: 45/45 MP: 7/7
  2749 | D:4      | Noticed Natasha
  2771 | D:4      | Killed Natasha
  2849 | D:4      | Found a hazy altar of Hepliaklqana.
  2904 | D:4      | Reached skill level 8 in Short Blades
  2923 | D:5      | Entered Level 5 of the Dungeon
  2968 | D:5      | Found Veir's Antique Armour Shoppe.
  3285 | D:5      | Found a shadowy altar of Dithmenos.
  3474 | D:4      | Mangled by an ogre

Levels and vault maps discovered:
D:1:      dpeg_arrival_pits, layout_basic
D:2:      layout_loops_ring, first_ration, minmay_tall_x,
          uniq_crazy_yiuf_cottage
D:3:      layout_basic, chequers_jeans, uniq_ijyb
D:4:      layout_layer_cave, marbit_many_paths, lemuel_old_faithful,
          uniq_natasha, uniq_grinder
D:5:      layout_layer_cave, serial_shops, nicolae_shop_overgrown_old_shop,
          grunt_dithmenos_smoke

Skill      XL: |  1  2  3  4  5  6  7 |
---------------+----------------------+-----
Short Blades   | 4 5 6 7 8 |  8.0
Stealth        | 3 4 5 7 |  7.0
Fighting       | |  2.6
Dodging        | |  3.2

Action                   |  1- 3 |  4- 6 |  7- 9 || total
-------------------------+-------+-------+-------++-------
Melee: Dagger            |    68 |    79 |   114 ||   261
  Use: Scroll            |       |     3 |     4 ||     7
       Potion            |       |     1 |     4 ||     5
 Stab: Sleeping          |     8 |     2 |     1 ||    11
  Eat: Chunk             |       |     5 |     3 ||     8
Armor: Robe              |     7 |     8 |       ||    15
       Ring mail         |       |     2 |    45 ||    47
Dodge: Dodged            |    45 |    61 |    83 ||   189

Table legend:
 A = Non-vault XP
 B = Vault XP
 C = Vault XP percentage of total XP
 D = Non-vault monster count
 E = Vault monster count
 F = Vault count percentage of total count
                 A         B        C        D         E       F
            +---------+---------+-------+---------+---------+-------
      Total |     615 |     383 |  38.4 |      70 |       8 |  10.3
            +---------+---------+-------+---------+---------+-------
        D:1 |      53 |       0 |   0.0 |      18 |       0 |   0.0
        D:2 |      52 |      71 |  57.7 |      17 |       5 |  22.7
        D:3 |       6 |       0 |   0.0 |       2 |       0 |   0.0
        D:4 |     221 |     312 |  58.5 |      19 |       3 |  13.6
        D:5 |     283 |       0 |   0.0 |      14 |       0 |   0.0
            +---------+---------+-------+---------+---------+-------
